 Dungeon Crawl Stone Soup version 0.28-a0-2-g643f2454ad (webtiles) character file.

Game seed: 5261449484101283887

622 Sin92 the Chopper (level 7, -1/55 HPs)
             Began as a Demonspawn Fighter on July 22, 2021.
             Was a Follower of Okawaru.
             Slain by an ogre (19 damage)
             ... on level 4 of the Dungeon.
             The game lasted 00:07:06 (5234 turns).

Sin92 the Chopper (Demonspawn Fighter)              Turns: 5234, Time: 00:07:06

Health: -1/55      AC:  8    Str: 18    XL:     7   Next: 22%
Magic:  7/7        EV:  8    Int: 10    God:    Okawaru [*.....]
Gold:   202        SH: 14    Dex: 12    Spells: 6/6 levels left

rFire   . . .      SeeInvis +   a - +0 war axe
rCold   . . .      Faith    .   c - +1 kite shield
rNeg    . . .      Spirit   .   b - +0 scale mail
rPois   .          Reflect  .   (helmet restricted)
rElec   .          Harm     .   q - +0 cloak
rCorr   .          Rampage  .   (no gloves)
Will    .....                   (no boots)
Stlth   ..........              (no amulet)
HPRegen 2.18/turn               s - ring of see invisible
MPRegen 0.10/turn               (no ring)

@: no status effects
A: horns 1, powered by death 2, condensation shield
a: Renounce Religion, Heroism


You were on level 4 of the Dungeon.
You worshipped Okawaru.
Okawaru was aware of your devotion.
You visited 2 branches of the dungeon, and saw 5 of its levels.

You collected 202 gold pieces.

Inventory:

Hand Weapons
 a - a +0 war axe (weapon)
Missiles
 i - 6 atropa-tipped darts (quivered)
 k - 8 curare-tipped darts
Armour
 b - a +0 scale mail (worn)
 c - a +1 kite shield (worn)
 q - a +0 cloak (worn)
Jewellery
 l - a ring of ice
 o - an amulet of magic regeneration
 s - a ring of see invisible (left hand)
 t - the ring of Xovih {rC+ rN+ Str-5 Int+6 Dex+3}
   (You found it on level 4 of the Dungeon)

   [ring of intelligence]

   Str:       It affects your strength (-5).
   Int:       It affects your intelligence (+6).
   Dex:       It affects your dexterity (+3).
   rC:        It protects you from cold.
   rN:        It protects you from negative energy.
Wands
 f - a wand of acid (8)
 p - a wand of digging (5)
Scrolls
 e - a scroll of identify
 g - 2 scrolls of noise
 h - a scroll of blinking {unknown}
 m - a scroll of acquirement {unknown}
 r - a scroll of brand weapon {unknown}
Potions
 d - a potion of might
 j - a potion of curing
 n - a potion of flight {unknown}


   Skills:
 + Level 4.3 Fighting
 * Level 4.3 Axes
 + Level 3.8 Armour
 + Level 2.6 Dodging
 + Level 3.9 Shields
 + Level 1.1 Invocations


You had 6 spell levels left.
You didn't know any spells.
Your spell library contained the following spells:

 Spells                   Type           Power      Damage    Failure   Level
 Foxfire                  Conj/Fire      0%         2x1d4     99%         1
 Conjure Flame            Conj/Fire      0%         6-21      100%        3
 Inner Flame              Hex/Fire       0%         N/A       100%        3
 Summon Forest            Summ/Tloc      0%         N/A       100%        5
 Summon Mana Viper        Hex/Summ       0%         N/A       100%        5
 Shadow Creatures         Summ           N/A        N/A       100%        6


Dungeon Overview and Level Annotations

Branches:
Dungeon (4/15)             Temple (1/1) D:4

Altars:
Ashenzari
Cheibriados
Dithmenos
Elyvilon
Kikubaaqudgha
Nemelex Xobeh
Okawaru
Ru
Sif Muna
Trog
Uskayaw
Vehumet
Wu Jian
Xom
Yredelemnul
Zin
The Shining One


Innate Abilities, Weirdness & Mutations

You have a pair of small horns on your head.
You regenerate health from kills.
A meltable shield of frost defends you. (SH +4)


Message History

Unknown command.
You slash the ogre!
The ogre is severely wounded.
You hit the quokka. You hit the ogre but do no damage.
You block the quokka's attack. The ogre hits you with a +0 giant club.
The ogre barely misses you. The quokka barely misses you.
Unknown command.
You barely miss the ogre.
The ogre is severely wounded.
You slash the quokka!
You kill the quokka!
Okawaru accepts your kill.
You barely miss the ogre. The ogre closely misses you.
You block the ogre's attack. The endoplasm freezes you.
You are frozen.
The ogre hits you with a +0 giant club!
You slash the ogre!
You headbutt the ogre, but do no damage.
The ogre is severely wounded.
The ogre hits you with a +0 giant club!!
* * * LOW HITPOINT WARNING * * *
Unknown command.
You barely miss the ogre. You headbutt the ogre.
The ogre is severely wounded.
You block the ogre's attack.
You barely miss the ogre.
The ogre is severely wounded.
You hit the ogre but do no damage. You block the ogre's attack.
The ogre hits you with a +0 giant club!
* * * LOW HITPOINT WARNING * * *
The ogre closely misses you.
Unknown command.
You closely miss the ogre.
The ogre is severely wounded.
You slash the ogre! The ogre barely misses you. You block the ogre's attack.
You hit the ogre but do no damage.
The ogre is severely wounded.
You barely miss the ogre.
The ogre hits you with a +0 giant club!!
You die...

...# ..# ..# ..# ..# ####
########## ..# ##...#
#...รท....### ..####
#.....##...#).....#
..##.###......r#...##.....##
.......#.....BKO@..##......#
.......#.....KJ#O..####.........
.......##.....##...# #######....
.......###...# #...###(..## ...
.......###### #...##.....## .
.....#......####...#.......#
.....###.)....##...'.......#
...... ##.....##...#......)#
..... #......#...##.....##


You could see 2 ogres, an endoplasm, a quokka, a giant cockroach and 2 kobolds.

Vanquished Creatures
  Duvessa (D:4)
  A water moccasin (D:4)
  4 lemures
  Dowan (D:4)
  A scorpion (D:3)
  2 jellies (D:4)
  An iguana (D:4)
  Ijyb (D:3)
  A hound skeleton (D:3)
  Robin (D:3)
  5 adders
  An adder skeleton (D:2)
  3 worms
  3 dart slugs
  3 orcs
  8 endoplasms
  6 giant cockroaches
  10 hobgoblins
  4 jackals (D:1)
  3 kobolds
  3 quokkas
  5 ball pythons
  5 bats
  2 frilled lizards
  21 goblins
  4 rats
100 creatures vanquished.

Vanquished Creatures (others)
  7 plants (D:4)
7 creatures vanquished.

Grand Total: 107 creatures vanquished

Notes
Turn   | Place    | Note
-------+----------+-------------------------------------------
     0 | D:1      | Sin92 the Demonspawn Fighter began the quest for the Orb.
     0 | D:1      | Reached XP level 1. HP: 18/18 MP: 1/1
   371 | D:1      | Gained mutation: You have a pair of small horns on your
                  | head. [demonic ancestry]
   371 | D:1      | Reached XP level 2. HP: 24/24 MP: 2/2
   392 | D:1      | Found a faded altar of an unknown god.
  1253 | D:2      | Reached XP level 3. HP: 9/29 MP: 3/3
  1514 | D:2      | Reached skill level 1 in Dodging
  2122 | D:2      | Found a shadowy altar of Dithmenos.
  2278 | D:2      | Reached XP level 4. HP: 25/35 MP: 4/4
  2819 | D:3      | Noticed a scorpion
  2827 | D:3      | Killed a scorpion
  2828 | D:3      | Gained mutation: You regenerate a little health from kills.
                  | [demonic ancestry]
  2828 | D:3      | Reached XP level 5. HP: 35/42 MP: 5/5
  2972 | D:3      | Noticed Robin
  3002 | D:3      | Killed Robin
  3202 | D:3      | Found a broken altar of Ashenzari.
  3210 | D:3      | Noticed Ijyb
  3223 | D:3      | Killed Ijyb
  3577 | D:4      | Found a staircase to the Ecumenical Temple.
  3599 | Temple   | Entered the Ecumenical Temple
  3687 | Temple   | Became a worshipper of Warmaster Okawaru
  3755 | D:4      | Gained mutation: A meltable shield of frost defends you.
                  | (SH +4) [demonic ancestry]
  3755 | D:4      | Reached XP level 6. HP: 33/48 MP: 6/6
  3900 | D:4      | HP: 2/48 [acid (1)]
  4044 | D:4      | Noticed Duvessa
  4048 | D:4      | Noticed Dowan
  4389 | D:4      | Killed Duvessa
  4395 | D:4      | Killed Dowan
  4949 | D:4      | Identified the ring of Xovih {rC+ rN+ Str-5 Int+6 Dex+3}
  4966 | D:4      | Noticed a water moccasin
  4982 | D:4      | Gained mutation: You regenerate health from kills. [demonic
                  | ancestry]
  4982 | D:4      | Reached XP level 7. HP: 3/51 MP: 7/7
  4982 | D:4      | Reached * piety under Okawaru
  4983 | D:4      | Reached skill level 1 in Invocations
  5234 | D:4      | Slain by an ogre

Illustrated notes

Levels and vault maps discovered:
D:1:      minmay_arrival_widening_spiral_wide, layout_loops_ring, serial_glass,
          glass_columns_b, glass_columns_c, basic_ecumenical_altar
D:2:      layout_loops_cross, basic_altar
D:3:      kennysheep_the_goblin_king, layout_loops_ring,
          overflow_temple_1_default, uniq_robin
D:4:      minmay_opposing_rooms, layout_gridville, fedhas_altar_decomposition,
          amcnicky_altar_gilded, minmay_temple_entry_waves,
          minmay_misc_feat_columns, chequers_big_river, serial_bayou_pond_d,
          uniq_duvessa, uniq_grinder, uniq_pikel
Temple:   regret_index_temple_waves

Skill      XL: |  1  2  3  4  5  6  7 |
---------------+----------------------+-----
Axes           | 2 3 4 |  4.3
Dodging        | 1 2 |  2.6
Shields        | 3 |  3.9
Armour         | 3 |  3.8
Fighting       | 4 |  4.3
Invocations    | 1 |  1.1

Action                   |  1- 3 |  4- 6 |  7- 9 || total
-------------------------+-------+-------+-------++-------
Melee: War axe           |    91 |   182 |    10 ||   283
       Headbutt          |    15 |    34 |     2 ||    51
  Use: Scroll            |     5 |     1 |       ||     6
       Potion            |       |     4 |       ||     4
Armor: Scale mail        |    43 |    80 |       ||   123
Dodge: Dodged            |    33 |    57 |     6 ||    96
Block: Kite shield       |    50 |   146 |     8 ||   204

Table legend: (Time is in decaauts)
 A = Elapsed time spent in this place.
 B = Non-inter-level travel time spent in this place.
 C = Inter-level travel time spent in this place.
 D = Time resting spent in this place.
 E = Time spent auto-exploring this place.
 F = Levels seen in this place.
 G = Mean time per level.
                   A        B        C        D        E       F      G
               +--------+--------+--------+--------+--------+-----+--------+
         Total |   5405 |   5273 |    132 |    846 |   3546 |   5 | 1081.0 |
       Dungeon |   5272 |   5184 |     88 |    846 |   3468 |   4 | 1318.0 |
        Temple |    133 |     89 |     44 |      0 |     78 |   1 |  133.0 |
               +--------+--------+--------+--------+--------+-----+--------+

Top non-repeatable levels by time:
     D:2: 1638 daAuts
     D:3: 1297 daAuts
     D:4: 1276 daAuts
     D:1: 1060 daAuts
  Temple: 133 daAuts
